 Dungeon Crawl Stone Soup version 0.31-a0-174-g85c54bcb58 (webtiles) character file.

Game seed: 10006148328997431503

303 qw the Chopper (level 6, -7/38 HPs)
             Began as a Gargoyle Fighter on June 15, 2023.
             Was an Initiate of Okawaru.
             Mangled by an ogre
             ... wielding a +0 giant club
              (19 damage)
             ... on level 4 of the Dungeon.
             The game lasted 00:01:38 (3565 turns).

qw the Chopper (Gargoyle Fighter)                   Turns: 3565, Time: 00:01:39

Health: -7/38      AC: 12    Str: 22    XL:     6   Next: 38%
Magic:  6/6        EV:  9    Int:  8    God:    Okawaru [......]
Gold:   144        SH:  4    Dex:  9    Spells: 5/5 levels left

rFire   + . .        Y - +1 war axe
rCold   . . .        c - +0 buckler
rNeg    + . .        a - +1 scale mail {rF+}
rPois   inf          (no helmet)
rElec   +            (no cloak)
rCorr   .            (no gloves)
SInv    .            (no boots)
Will    .....        (no amulet) Stlth
                     (no ring)
HPRegen 0.26/turn    (no ring)
MPRegen 0.10/turn

%: no passive effects
@: no status effects
A: sickness immunity, AC +4, negative energy resistance 1, electricity
resistance, torment resistance 1, petrification resistance
a: Renounce Religion


You were on level 4 of the Dungeon.
You worshipped Okawaru.
Okawaru was noncommittal.
You visited 2 branches of the dungeon, and saw 5 of its levels.

You collected 144 gold pieces.


Innate Abilities, Weirdness & Mutations

You are immune to sickness and miasma.
Your stone body is resilient. (AC +4)
You are immune to poison.
You resist negative energy. (rN+)
You are resistant to electric shocks. (rElec)
You are resistant to unholy torment.
You are immune to petrification.


   Skills:
 + Level 3.9 Fighting
 - Level 5.7 Axes
 - Level 3.2 Armour
 - Level 3.2 Shields


You had 5 spell levels left.
You didn't know any spells.
Your spell library was empty.

Inventory:

Hand Weapons
 b - a +0 flail
 Y - a +1 war axe (weapon)
Armour
 a - a +1 scale mail of fire resistance (worn)
 c - a +0 buckler (worn)
Scrolls
 h - 2 scrolls of identify
Potions
 d - 2 potions of might
 e - a potion of curing
 g - a potion of heal wounds
 j - a potion of resistance

Dungeon Overview and Level Annotations

Branches:
Dungeon (4/15)             Temple (1/1) D:4

Altars:
Ashenzari
Cheibriados
Dithmenos
Kikubaaqudgha
Okawaru
Qazlal
Ru
Sif Muna
Trog
Vehumet
Wu Jian
Yredelemnul
Zin
The Shining One

Annotations:
D:3 1 runed translucent door, exclusion: 2 orcs
D:4 1 runed translucent door, qw's ghost, amateur NaHu


Message History

You see here an adder corpse.
An ogre comes into view. It is wielding a +0 giant club.
The ogre shouts!
Enter note:
Enter note:
Enter note:
Enter note:
Enter note:
Enter note:
Enter note:
Enter note:
Enter note:
Enter note:
Enter note:
Enter note:
Enter note:
Enter note:
Enter note: You barely miss the ogre.
You block the ogre's attack.
You hit the ogre.
The ogre is lightly wounded.
The ogre completely misses you.
You hit the ogre.
The ogre is moderately wounded.
The ogre barely misses you.
You hit the ogre.
The ogre is heavily wounded.
The ogre completely misses you.
You barely miss the ogre.
The ogre is heavily wounded.
You slash the ogre!
The ogre is severely wounded.
The ogre hits you with a +0 giant club!!
Ouch! That really hurt!
You closely miss the ogre.
The ogre is severely wounded.
The ogre hits you with a +0 giant club!!
Ouch! That really hurt!
You die...

##..#####
##.....#
##.#####
#..# #..#
#..##
#...####
#......##
#..#..@..#
#..####O..#
#.# ...##
#.# ....#
#.# #....#
.. ......
#......#
##....##


You could see an ogre.

Vanquished Creatures
  A steam dragon (D:3)
  2 orc wizards
  3 adders
  3 worms (D:2)
  3 dart slugs
  9 orcs
  6 ball pythons
  3 endoplasms
  3 giant cockroaches
  6 goblins
  7 hobgoblins
  A jackal (D:2)
  3 quokkas
  7 bats
  A frilled lizard (D:1)
  A goblin zombie (D:3)
  A jackal zombie (D:3)
  5 kobolds
  9 rats
74 creatures vanquished.

Notes
Turn   | Place    | Note
-------+----------+-------------------------------------------
     0 | D:1      | qw the Gargoyle Fighter began the quest for the Orb.
     0 | D:1      | Reached XP level 1. HP: 14/14 MP: 1/1
     0 | D:1      | 0 ||| qw: Version: 0.2-a-29-g511e9b1
     0 | D:1      | 0 ||| qw: Game counter: 5398
     0 | D:1      | 0 ||| qw: Always use a shield: true
     0 | D:1      | 0 ||| qw: God list: Okawaru
     0 | D:1      | 0 ||| qw: Allow faded altars: false
     0 | D:1      | 0 ||| qw: Do Orc after D:15 true
     0 | D:1      | 0 ||| qw: Do second Lair branch before Depths: true
     0 | D:1      | 0 ||| qw: Lair rune preference: random
     0 | D:1      | 0 ||| qw: Plans: Normal, Zot:1-4, Slime:5, God:TSO, Crypt,
                  | Tomb, Abyss, Pan, Hells, Win
     0 | D:1      | 0 ||| PLANNING D:1-11
   116 | D:1      | Reached skill level 2 in Axes
   270 | D:1      | Reached XP level 2. HP: 16/19 MP: 2/2
   414 | D:1      | 414 ||| Stepping ~*~*~tactically~*~*~ (hiding).
   415 | D:1      | 415 ||| Stepping ~*~*~tactically~*~*~ (hiding).
   417 | D:1      | 417 ||| Stepping ~*~*~tactically~*~*~ (hiding).
   661 | D:1      | 661 ||| READING scroll labelled FAUNWI VAGIL.
   662 | D:1      | 662 ||| READING scroll labelled LIXTOP AMPUOMN.
   663 | D:1      | 663 ||| READING scroll labelled VEAVAL KIU.
   668 | D:1      | 668 ||| READING scroll labelled HANEGGU VEUC.
   680 | D:1      | 680 ||| READING scroll labelled TUACWA ETA GAF.
   681 | D:1      | 681 ||| READING scroll labelled QICREP RIPSE.
   766 | D:2      | Identified the +3 ring mail of Demons {rPois Int+3 Dex-4}
   785 | D:2      | Reached skill level 3 in Axes
   920 | D:2      | Reached XP level 3. HP: 23/23 MP: 3/3
  1130 | D:2      | 1130 ||| Stepping ~*~*~tactically~*~*~ (hiding).
  1131 | D:2      | 1131 ||| Stepping ~*~*~tactically~*~*~ (hiding).
  1239 | D:2      | 1239 ||| Stepping ~*~*~tactically~*~*~ (hiding).
  1241 | D:2      | 1241 ||| Stepping ~*~*~tactically~*~*~ (hiding).
  1243 | D:2      | 1243 ||| Stepping ~*~*~tactically~*~*~ (hiding).
  1261 | D:2      | Reached XP level 4. HP: 7/28 MP: 4/4
  1264 | D:2      | Reached skill level 4 in Axes
  1267 | D:2      | 1267 ||| FLEEEEING.
  1268 | D:2      | 1268 ||| FLEEEEING.
  1269 | D:2      | 1269 ||| FLEEEEING.
  1270 | D:2      | 1270 ||| FLEEEEING.
  1271 | D:2      | 1271 ||| FLEEEEING.
  1272 | D:2      | 1272 ||| FLEEEEING.
  1273 | D:2      | 1273 ||| FLEEEEING.
  1274 | D:2      | 1274 ||| STAIRDANCE
  1342 | D:1      | 1342 ||| DROPPING +3 ring mail of Demons {rPois Int+3
                  | Dex-4}.
  1343 | D:1      | 1343 ||| READING scroll labelled ZETIRU QARY.
  1343 | D:1      | Identified a scroll of acquirement
  1343 | D:1      | 1343 ||| ACQUIRING +1 scale mail of fire resistance
  1343 | D:1      | Acquired a +1 scale mail of fire resistance
  1345 | D:1      | 1345 ||| UPGRADING to +1 scale mail of fire resistance.
  1355 | D:1      | 1355 ||| DROPPING +0 scale mail.
  1356 | D:1      | 1356 ||| READING scroll labelled SISIMU MUXT.
  1357 | D:1      | 1357 ||| DRINKING 2 golden potions.
  1412 | D:2      | 1412 ||| DROPPING +0 club.
  1491 | D:2      | Found a faded altar of an unknown god.
  1681 | D:2      | 1681 ||| Stepping ~*~*~tactically~*~*~ (stealth).
  1687 | D:2      | 1687 ||| Stepping ~*~*~tactically~*~*~ (hiding).
  1808 | D:2      | 1808 ||| DROPPING orb of energy.
  1965 | D:3      | Found a glowing silver altar of Zin.
  1975 | D:3      | Noticed a human
  1976 | D:3      | Found a runed translucent door.
  1990 | D:3      | Found a basalt altar of Yredelemnul.
  2087 | D:3      | Identified the +0 leather armour of the Untouchables
                  | {Will+}
  2213 | D:3      | 2213 ||| Stepping ~*~*~tactically~*~*~ (stealth).
  2229 | D:3      | Reached XP level 5. HP: 32/32 MP: 5/5
  2246 | D:3      | Found a broken altar of Ashenzari.
  2303 | D:3      | Noticed a steam dragon
  2316 | D:3      | HP: 7/32 [steam dragon (3)]
  2318 | D:3      | Killed a steam dragon
  2319 | D:3      | Reached skill level 5 in Axes
  2319 | D:3      | Reached XP level 6. HP: 9/37 MP: 6/6
  2830 | D:3      | 2830 ||| DROPPING +0 leather armour of the Untouchables
                  | {Will+}.
  2831 | D:3      | 2831 ||| DRINKING 2 coppery potions.
  2832 | D:3      | 2832 ||| READING 3 scrolls of identify.
  2832 | D:3      | 2832 ||| IDENTIFYING puce potion
  2848 | D:4      | 2848 ||| STAIRDANCE
  2926 | D:4      | 2926 ||| Stepping ~*~*~tactically~*~*~ (stealth).
  3142 | D:4      | Found a staircase to the Ecumenical Temple.
  3143 | D:4      | 3143 ||| PLANNING TEMPLE
  3143 | D:4      | 3143 ||| READING 2 scrolls labelled PULO AGEOKHARGH.
  3144 | D:4      | 3144 ||| READING scroll labelled NEVOK ZYOF.
  3145 | D:4      | 3145 ||| READING scroll labelled PIDGHY TERUTAR.
  3146 | D:4      | 3146 ||| DROPPING scroll of amnesia.
  3155 | Temple   | Entered the Ecumenical Temple
  3156 | Temple   | 3156 ||| PLANNING OKAWARU WORSHIP
  3171 | Temple   | Became a worshipper of Warmaster Okawaru
  3172 | Temple   | 3172 ||| PLANNING D:1-11
  3242 | D:4      | Found a runed translucent door.
  3243 | D:4      | Noticed qw's ghost (amateur NaHu)
  3565 | D:4      | Mangled by an ogre

Levels and vault maps discovered:
D:1:      dpeg_arrival_snail, layout_loops_ring
D:2:      layout_basic, chequers_ecumenical_altar_twisty, minmay_tripent
D:3:      layout_basic, old_standard_altar, dk_yredelemnul_ordeal,
          mainiacjoe_overflow_catwalk
D:4:      layout_cave_pods, minmay_temple_entry_sparse_star,
          ebering_ghost_reflecting_pool
Temple:   minmay_freezing_vapour_temple

Skill      XL: |  1  2  3  4  5 |
---------------+----------------+-----
Axes           | 2 3 4 5 |  5.7
Fighting       | |  3.9
Armour         | |  3.2
Shields        | |  3.2

Action                     |  1- 3 |  4- 6 || total
---------------------------+-------+-------++-------
  Melee: War axe           |    78 |   148 ||   226
    Use: Scroll            |     6 |     6 ||    12
         Potion            |       |     2 ||     2
 Armour: Scale mail        |    59 |    73 ||   132
  Dodge: Dodged            |    27 |    57 ||    84
  Block: Buckler           |    17 |    23 ||    40

Table legend:
 A = Non-vault XP
 B = Vault XP
 C = Vault XP percentage of total XP
 D = Non-vault monster count
 E = Vault monster count
 F = Vault count percentage of total count
                 A         B        C        D         E       F
            +---------+---------+-------+---------+---------+-------
      Total |     428 |       5 |   1.2 |      70 |       4 |   5.4
            +---------+---------+-------+---------+---------+-------
        D:1 |      23 |       0 |   0.0 |      13 |       0 |   0.0
        D:2 |      99 |       3 |   2.9 |      24 |       2 |   7.7
        D:3 |     239 |       2 |   0.8 |      21 |       2 |   8.7
        D:4 |      67 |       0 |   0.0 |      12 |       0 |   0.0
            +---------+---------+-------+---------+---------+-------
